 Dungeon Crawl Stone Soup version 0.31.0-1-g2c135a008e (webtiles) character file.

Game seed: 2372154833021978339

165 qw the Shooter (level 5, 0/40 HPs)
             Began as a Djinni Hunter on Jan 23, 2024.
             Slain by Sigmund
             ... wielding a +0 scythe
              (5 damage)
             ... on level 3 of the Dungeon.
             The game lasted 00:00:07 (1759 turns).

qw the Shooter (Djinni Hunter)                      Turns: 1759, Time: 00:00:08

Health: 0/40       AC:  5    Str: 10    XL:     5   Next: 75%
Gold:   120        EV: 11    Int: 10    God:
                   SH:  0    Dex: 19

rFire   + + .        d - +3 arbalest
rCold   x . .        (shield currently unavailable)
rNeg    . . .        g - +0 ring mail
rPois   inf          (no helmet)
rElec   .            (no cloak)
rCorr   .            (no gloves)
SInv    .            (boots unavailable)
Will    .....        (no amulet) Stlth
                     (no ring)
HPRegen 0.26/turn    (no ring)
MPRegen 0.00/turn

%: infuse magic (-1 HP)
@: confused, flying
A: sickness immunity, fire resistance 2, cold vulnerability 1, float, innate
caster, HP casting, extra vitality 1
a: no special abilities


You were on level 3 of the Dungeon.
You visited 1 branch of the dungeon, and saw 4 of its levels.

You collected 120 gold pieces.


Innate Abilities, Weirdness & Mutations

You are immune to sickness and miasma.
You are immune to poison.
Your flesh is very heat resistant. (rF++)
You are vulnerable to cold. (rC-)
You float through the air rather than walking.
You learn spells naturally, not from books.
Your magical power is your life essence.
You have superior vitality. (+4 MHP)


   Skills:
 - Level 3.0 Fighting
 + Level 4.8 Ranged Weapons
 - Level 1.3 Armour
 - Level 2.1 Dodging
 - Level 0.7 Stealth


You knew the following spells:

 Your Spells              Type           Power      Damage    Failure   Level
a - Summon Small Mammal   Summ           0%         N/A       67%         1
b - Momentum Strike       Conj/Tloc      0%         3d8       82%         2
Your spell library was empty.

Inventory:

Hand Weapons
 d - a +3 arbalest (weapon)
Armour
 g - a +0 ring mail (worn)
Potions
 b - a potion of enlightenment
 c - a potion of curing

Dungeon Overview and Level Annotations

Branches:
Dungeon (4/15)
 Temple: D:4-7

Altars:

Annotations:
D:3 Sigmund


Message History

You shoot a bolt. The bolt hits Sigmund.
Sigmund shouts!
Sigmund is lightly wounded.
Found a stone staircase leading up.
Sigmund closely misses you.
Enter note:
Enter note: You shoot a bolt.
The bolt barely misses Sigmund.
Sigmund points at you and mumbles some strange words.
You resist with some effort.
You shoot a bolt. The bolt barely misses Sigmund.
Sigmund hits you from afar with a +0 scythe!
You shoot a bolt. The bolt closely misses Sigmund.
Sigmund hits you but does no damage.
You shoot a bolt. The bolt closely misses Sigmund.
Sigmund casts a spell.
Sigmund flickers and vanishes!
Deactivating autopickup; reactivate with Ctrl-A.
Something hits you!
You shoot a bolt.
You hear some strange, mumbled words.
You are confused.
You shoot a bolt. Something hits you. x2
You shoot a bolt. Something hits you.
You shoot a bolt.
You feel less confused.
A magic dart appears from out of thin air!
The magic dart hits you but does no damage.
You shoot a bolt. Something hits you!
You hear some strange, mumbled words.
You are confused.
You shoot a bolt. Something hits you!
You shoot a bolt. Something hits you but does no damage.
You shoot a bolt. Something hits you.
You die...

##.###.............###.#
#...####.####.# #.#
#.###...# #.# #.# #.#
#......(# #.# #.# #.#
######..####.# #.# #.#
#####..#....####.# #.#
#...........(.##.###.#
#.###..#.......#.##...
#@..........#.....
.....{...#.......#.##...
#................).####.
#.<...#..#.......### #.
##...##..........# #.
##.# #.##.......# #. #.
......###### #. # #.# .#
####. #....


There were no monsters in sight!

Vanquished Creatures
  A scorpion (D:3)
  2 adders
  4 dart slugs
  A ribbon worm (D:2)
  An orc (D:3)
  9 endoplasms
  6 giant cockroaches
  3 goblins (D:1)
  4 hobgoblins
  4 jackals (D:3)
  2 quokkas
  8 ball pythons
  9 bats
  3 frilled lizards
  6 kobolds
  11 rats
74 creatures vanquished.

Notes
Turn   | Place    | Note
-------+----------+-------------------------------------------
     0 | D:1      | qw the Djinni Hunter began the quest for the Orb.
     0 | D:1      | Reached XP level 1. HP: 18/18 MP: 0/0
     0 | D:1      | 0 ||| qw: Version: 0.3-a-134-g2ba4250
     0 | D:1      | 0 ||| qw: Game counter: 716
     0 | D:1      | 0 ||| qw: Melee chars always use a shield: true
     0 | D:1      | 0 ||| qw: God list: Okawaru
     0 | D:1      | 0 ||| qw: Allow faded altars: false
     0 | D:1      | 0 ||| qw: Do Orc after clearing Dungeon:15 true
     0 | D:1      | 0 ||| qw: Do second Lair branch before Depths: true
     0 | D:1      | 0 ||| qw: Lair rune preference: random
     0 | D:1      | 0 ||| qw: Goals: Normal
     0 | D:1      | 0 ||| PLANNING D:1-11
    60 | D:1      | Reached XP level 2. HP: 8/23 MP: 0/0
   281 | D:1      | Reached skill level 4 in Ranged Weapons
   281 | D:1      | Reached XP level 3. HP: 27/28 MP: 0/0
   281 | D:1      | Learned a level 1 spell: Summon Small Mammal
   667 | D:1      | 667 ||| UPGRADING to +0 ring mail.
   677 | D:1      | 677 ||| DROPPING +0 leather armour.
   678 | D:1      | 678 ||| READING scroll labelled ANNADWITHRAF.
   679 | D:1      | 679 ||| READING scroll labelled YLUWADGHUSO.
   679 | D:1      | 679 ||| ENCHANTING +0 shortbow.
   680 | D:1      | 680 ||| READING scroll labelled GUDGHAGGUWN.
   680 | D:1      | 680 ||| IDENTIFYING fuming silvery potion
   681 | D:1      | 681 ||| READING scroll labelled ODAOSK CI GOG.
   682 | D:1      | 682 ||| DROPPING scroll of butterflies.
   683 | D:1      | 683 ||| DROPPING potion of magic.
   748 | D:2      | 748 ||| SWAPPING to +0 arbalest.
   749 | D:2      | 749 ||| DROPPING +0 shortbow.
   819 | D:2      | Found a faded altar of an unknown god.
   974 | D:2      | Reached skill level 1 in Armour
   974 | D:2      | Reached XP level 4. HP: 34/34 MP: 0/0
  1009 | D:2      | You are sucked into a shaft and drop 2 floors!
  1022 | D:4      | 1022 ||| READING scroll of identify.
  1022 | D:4      | 1022 ||| IDENTIFYING yellow potion
  1023 | D:4      | 1023 ||| READING 2 scrolls labelled LOREKU GIECS.
  1023 | D:4      | 1023 ||| ENCHANTING +0 arbalest.
  1024 | D:4      | 1024 ||| READING scroll of enchant weapon.
  1024 | D:4      | 1024 ||| ENCHANTING +1 arbalest.
  1025 | D:4      | 1025 ||| DROPPING potion of ambrosia.
  1142 | D:3      | Reached skill level 3 in Fighting
  1185 | D:3      | 1185 ||| READING scroll of enchant weapon.
  1185 | D:3      | 1185 ||| ENCHANTING +2 arbalest.
  1338 | D:3      | 1338 ||| READING scroll labelled JOTTOWU MIHOBOIHY.
  1339 | D:3      | 1339 ||| DRINKING 2 sedimented grey potions.
  1340 | D:3      | 1340 ||| DRINKING 2 green potions.
  1437 | D:2      | Reached XP level 5. HP: 40/40 MP: 0/0
  1437 | D:2      | Learned a level 2 spell: Momentum Strike
  1706 | D:2      | 1706 ||| READING scroll of identify.
  1706 | D:2      | 1706 ||| IDENTIFYING scroll labelled PUTWIAFEA
  1707 | D:2      | 1707 ||| DROPPING scroll of noise.
  1745 | D:3      | Noticed Sigmund
  1757 | D:3      | HP: 4/40 [something (9)]
  1759 | D:3      | Slain by Sigmund

Levels and vault maps discovered:
D:1:      lightli_arrival_flooded_house, layout_loops_ring, minmay_pentomino_z4
D:2:      layout_basic, basic_ecumenical_altar, st_stairs_7
D:3:      layout_loops_ring, uniq_sigmund, uniq_ijyb
D:4:      layout_basic, minmay_misc_feat_alley, uniq_pikel, uniq_blork_the_orc

Skill      XL: |  1  2  3  4 |
---------------+-------------+-----
Ranged Weapons | 4 |  4.8
Armour         | 1 |  1.3
Fighting       | 3 |  3.0
Dodging        | |  2.1
Stealth        | |  0.7

Action                     |  1- 3 |  4- 6 || total
---------------------------+-------+-------++-------
   Fire: Shortbow          |    95 |       ||    95
         Arbalest          |    20 |    78 ||    98
    Use: Scroll            |     4 |     6 ||    10
         Potion            |       |     2 ||     2
 Armour: Leather armour    |    23 |       ||    23
         Ring mail         |    13 |    39 ||    52
  Dodge: Dodged            |    54 |    28 ||    82

Table legend:
 A = Non-vault XP
 B = Vault XP
 C = Vault XP percentage of total XP
 D = Non-vault monster count
 E = Vault monster count
 F = Vault count percentage of total count
                 A         B        C        D         E       F
            +---------+---------+-------+---------+---------+-------
      Total |     227 |      10 |   4.2 |      69 |       5 |   6.8
            +---------+---------+-------+---------+---------+-------
        D:1 |      48 |       6 |  11.1 |      29 |       4 |  12.1
        D:2 |      50 |       4 |   7.4 |      22 |       1 |   4.3
        D:3 |     129 |       0 |   0.0 |      18 |       0 |   0.0
            +---------+---------+-------+---------+---------+-------
